 Dungeon Crawl Stone Soup version bcrawl-1.19.2-6-g6a88ae04c9 (webtiles) character file.

Game seed: 13433533956821535096

12798 Artagas the Destroyer (level 11, -20/92 HPs)
             Began as a Djinni Conjurer on Jan 3, 2020.
             Was a Priest of Qazlal.
             Demolished by Gastronok (30 damage)
             ... on level 2 of the Lair of Beasts on Jan 4, 2020.
             The game lasted 00:30:08 (16571 turns).

Artagas the Destroyer (Djinni Conjurer)            Turns: 16571, Time: 00:30:09

Health: -20/92     AC:  6    Str: 12    XL:     11   Next: 67%
Magic:  1/24       EV: 15    Int: 20    God:    Qazlal [***...]
Gold:   570        SH: 11    Dex: 11    Spells: 11/29 levels left

rFire    . . .     SeeInvis .   a - +6 dagger (venom)
rCold    + + .     Gourm    .   O - +2 buckler
rNeg     . . .     Faith    .   v - +2 robe {rC+}
rPois    .         Spirit   .   J - +0 helmet
rElec    .         Reflect  .   (no cloak)
rCorr    .         Harm     .   g - +0 pair of gloves
MR       +....     Rnd*Rage +   (boots unavailable)
Stlth    +.........             K - amulet of rage
HPRegen  0.25/turn              c - ring of protection from cold
MPRegen  0.19/turn              (no ring)

@: flying, very slightly contaminated, lightly drained
A: never pass out, berserk 2, blink, blurry vision 2, wild magic 3, MP-powered
wands, floating
a: Blink, Upheaval, Elemental Force, Renounce Religion, Evoke Berserk Rage


You were on level 2 of the Lair of Beasts.
You worshipped Qazlal.
Qazlal was most pleased with you.
You were very hungry.

You visited 3 branches of the dungeon, and saw 12 of its levels.

You collected 709 gold pieces.
You spent 139 gold pieces at shops.

Inventory:

Hand Weapons
 a - a +6 dagger of venom (weapon)
   (You took it off Nergalle on level 1 of the Lair of Beasts)
 b - a +5 hunting sling
   (You took it off Ijyb on level 4 of the Dungeon)
 G - a +1 dagger of electrocution
   (You took it off Ijyb on level 4 of the Dungeon)
 H - a +3 spear
   (You took it off a wight on level 7 of the Dungeon)
Missiles
 r - a throwing net (quivered) {!f}
 x - 1418 sling bullets
Armour
 g - a +0 pair of gloves (worn)
   (You found it on level 2 of the Dungeon)
 k - the +1 ring mail of Huzuvve {rPois rC+ Str+3 Dex+4}
   (You found it on level 4 of the Dungeon)

   It affects your strength (+3).
   It affects your dexterity (+4).
   It protects you from cold.
   It protects you from poison.
 v - a +2 robe of cold resistance (worn)
   (You took it off Jessica on level 2 of the Dungeon)
 y - a +2 ring mail of magic resistance
   (You took it off Ijyb on level 4 of the Dungeon)
 J - a +0 helmet (worn)
   (You bought it in a shop on level 8 of the Dungeon)
 O - a +2 buckler (worn)
   (You found it on level 1 of the Lair of Beasts)
Magical Staves
 N - an uncursed staff of earth
   (You found it on level 9 of the Dungeon)
Jewellery
 c - a ring of protection from cold (left hand)
   (You found it on level 5 of the Dungeon)
 o - an uncursed amulet of guardian spirit
   (You took it off a crimson imp on level 2 of the Dungeon)
 K - an amulet of rage (around neck)
   (You found it on level 9 of the Dungeon)
Wands
 u - a wand of enslavement (6)
   (You took it off Pikel on level 4 of the Dungeon)
 B - a wand of polymorph (6)
   (You took it off Ijyb on level 4 of the Dungeon)
 C - a wand of iceblast (25)
   (You found it on level 5 of the Dungeon)
 D - a wand of flame (19)
   (You found it on level 5 of the Dungeon)
 I - a wand of acid (4)
   (You found it on level 7 of the Dungeon)
Scrolls
 i - a scroll of magic mapping
 j - 5 scrolls of amnesia
 l - a scroll of fear
 m - 4 scrolls of remove curse
 t - 8 scrolls of teleportation
 z - a scroll of blinking
 E - a scroll of fog {unknown}
 F - a scroll of enchant armour {unknown}
Potions
 d - a potion of might
 f - 4 potions of lignification
 h - 2 potions of haste
 n - 3 potions of resistance
 p - 2 potions of flight
 q - 4 potions of curing
 s - 3 potions of agility
 w - a potion of heal wounds
 A - a potion of magic
 L - 2 potions of mutation
Miscellaneous
 M - a lightning rod (inert)
   (You found it on level 9 of the Dungeon)
Comestibles
 e - 18 rations {!d}


   Skills:
 - Level 7.0(6.8) Fighting
 + Level 6.8(6.6) Dodging
 - Level 1.5(1.4) Stealth
 - Level 4.0(3.9) Shields
 + Level 9.8(9.6) Spellcasting
 + Level 11.9(11.7) Conjurations
 - Level 3.6(3.5) Hexes
 + Level 6.9(6.8) Transmutations
 + Level 4.6(4.5) Invocations
 - Level 5.0(4.9) Evocations


You had 11 spell levels left.
You knew the following spells:

 Your Spells              Type           Power        Failure   Level  Hunger
a - Magic Dart            Conj           ####         1%          1    None
b - Searing Ray           Conj           #######.     2%          2    None
c - Iskenderun's Mystic   Conj           #######.     3%          3    None
d - Fulminant Prism       Conj/Hex       ######....   13%         4    ##.....
e - Irradiate             Conj/Tmut      ######....   16%         5    #####..
f - Confuse               Hex            #####...     17%         3    None

Your spell library contained the following spells:

 Spells                   Type           Power        Failure   Level  Hunger
 Dazzling Spray           Conj/Hex       ######       6%          3    None
 Slow                     Hex            #####...     9%          1    None
 Apportation              Tloc           ###...       22%         1    None
 Infusion                 Chrm           ###.....     22%         1    None
 Sandblast                Erth           ###...       22%         1    None
 Summon Butterflies       Summ           ###.....     22%         1    None
 Yara's Violent Unravell  Hex/Tmut       ######....   26%         4    ##.....
 Corpse Rot               Necr           N/A          30%         2    None
 Petrify                  Tmut/Erth      #####...     43%         4    ##.....
 Metabolic Englaciation   Hex/Ice        ####......   87%         5    #####..
 Mana Rupture             Conj/Hex       ######....   99%         7    #######


Dungeon Overview and Level Annotations

Branches:
Dungeon (9/12)             Temple (1/1) D:4            Lair (2/6) D:9
    Orc (0/1) D:9
  Swamp: Lair:2-4    Shoals: Lair:2-4     Snake: Lair:2-4    Spider: Lair:2-4

Altars:
Cheibriados
Elyvilon
Fedhas
Gozag
Hepliaklqana
Kikubaaqudgha
Makhleb
Nemelex Xobeh
Okawaru
Qazlal
Ru
Sif Muna
Trog
Uskayaw
Wu Jian
Yredelemnul
Zin
The Shining One

Shops:
D:4 }   D:8 [

Annotations:
D:5 1 runed translucent door, Oskept's ghost, novice VSFE
Lair:2 Gastronok


Innate Abilities, Weirdness & Mutations

You never pass out after going berserk.
You often lose your temper in combat.
You can translocate small distances at will.
Scrolls take you longer to read.
Your spells are much harder to cast, but much more powerful.
You expend magic power (3 MP) to strengthen your wands.
Your body floats in the air.


Message History

Press: ? - help, Shift-Dir - straight line, f - rat
Aim: a rat (summoned)
The searing ray hits the bat.
You kill the bat!
The bat's corpse disappears in a puff of smoke! (Press . to maintain the ray.)
You block the bat's attack. The bat misses you.
Your fulminant prism explodes!
The blast of energy engulfs the river rat.
You kill the river rat!
The river rat's corpse disappears in a puff of smoke!
The blast of energy engulfs the rat.
You kill the rat!
The rat's corpse disappears in a puff of smoke!
The blast of energy engulfs the bat.
You kill the bat!
The bat's corpse disappears in a puff of smoke!
A porcupine comes into view.
Gastronok casts a spell.
Gastronok makes a strange noise.
The searing ray hits Gastronok.
Gastronok is lightly wounded.
The porcupine barely misses you.
The searing ray hits the rat.
You kill the rat!
The rat's corpse disappears in a puff of smoke!
The searing ray hits Gastronok.
Gastronok is moderately wounded.
You block the porcupine's attack. x2
The searing ray hits Gastronok.
Gastronok is moderately wounded.
The porcupine barely misses you. The porcupine closely misses you.
Evoke which item? (* to show all) (? for menu, Esc to quit)
Aiming: Thunderbolt
Press: ? - help, Shift-Dir - straight line, f - Gastronok
Aim: Gastronok, wearing a +0 hat (moderately wounded)
The thunderbolt hits the rat.
You kill the rat!
The rat's corpse disappears in a puff of smoke!
The thunderbolt hits Gastronok.
Gastronok is moderately wounded.
You hear a croak.
Gastronok bites you. The porcupine closely misses you.
Gastronok casts a spell.
Okay, then.
Okay, then.
Evoke which item? (* to show all) (? for menu, Esc to quit)
Aiming: Thunderbolt
Press: ? - help, Shift-Dir - straight line, f/p - Gastronok
Aim: Gastronok, wearing a +0 hat (moderately wounded)
The thunderbolt hits Gastronok.
Gastronok is heavily wounded.
You hear a loud, deep croak! x2
The porcupine bites you! You block Gastronok's attack.
The porcupine closely misses you.
Gastronok is buffeted by a sudden breeze.
Gastronok bites you.
Evoke which item? (* to show all) (? for menu, Esc to quit)
Aiming: Thunderbolt
Press: ? - help, Shift-Dir - straight line, f/p - Gastronok
Aim: Gastronok, wearing a +0 hat (moderately wounded)
The thunderbolt hits the quasit.
The quasit is almost dead.
The thunderbolt hits Gastronok.
Gastronok is heavily wounded.
You hear a croak.
The porcupine barely misses you.
Gastronok's eyestalks quiver as he mumbles some strange words.
Gastronok puts on a burst of speed!
You block the porcupine's attack.
A cane toad comes into view.
Gastronok bites you!
Evoke which item? (* to show all) (? for menu, Esc to quit)
That's the wrong kind of item! (Use * to select it.) Evoke which item? (* to show all) (? for menu, Esc to quit)
You don't have any such object.
Evoke which item? (* to show all) (? for menu, Esc to quit)
Aiming: Thunderbolt
Press: ? - help, Shift-Dir - straight line, f/p - Gastronok
Aim: Gastronok, wearing a +0 hat (heavily wounded, covering ground quickly)
The thunderbolt hits the quasit.
You kill the quasit!
The thunderbolt hits Gastronok.
Gastronok is heavily wounded.
The lightning rod overheats!
You block the porcupine's attack. Gastronok closely misses you.
The porcupine completely misses you.
Evoke which item? (* to show all) (? for menu, Esc to quit)
Aiming: Corrosive Bolt
Press: ? - help, Shift-Dir - straight line, f/p - Gastronok
Aim: Gastronok, wearing a +0 hat (heavily wounded, covering ground quickly)
You feel a slight surge of power.
The bolt of acid hits Gastronok.
Gastronok is splashed with acid!
The acid corrodes Gastronok!
Gastronok is severely wounded.
Gastronok bites you!!! The porcupine bites you!
* * * LOW HITPOINT WARNING * * *
You block Gastronok's attack. The porcupine bites you!
* * * LOW HITPOINT WARNING * * *
Your blurry vision makes reading the scroll take longer!
You feel yourself speed up. You block the porcupine's attack.
Gastronok bites you!!
You die...

... .P... P... #.#..#
. ... #...... ... #.P
......# .##..# ##.##
......P
.##..#...##...#
.......
.......#..#..##○...:.#
###
.....>....F.w@:....#
#.. #..
#..#.#.###r.#.(.# # ..
#.( #.# #..# .## # #.
. #..#.#.##r.## .# ..
...#?..###.!...# .# #.
...r......###### ..
...#. rw...†##..# ##
..... .<.... #.##
#..## ...... #.#


You could see Gastronok, a cane toad and a porcupine.

Vanquished Creatures
  Harold (D:8)
  A two-headed ogre (D:8)
  Nergalle (Lair:1)
  Pikel (D:4)
  2 cane toads (Lair:1)
  A rime drake (Lair:1)
  A molten gargoyle (D:9)
  2 komodo dragons (Lair:1)
  A kobold demonologist (D:8)
  A troll (D:8)
  A hippogriff (Lair:2)
  4 blink frogs (Lair:1)
  10 yaks
  Grum (D:9)
  A hungry ghost (D:7)
  Menkaure (D:4)
  A steam dragon (D:7)
  A crocodile (Lair:2)
  3 porcupines
  4 orc warriors
  3 sky beasts
  An ice beast (D:9)
  2 slaves (D:4)
  4 necrophages (D:7)
  A black bear (Lair:1)
  A phantom (D:6)
  2 wolves (D:9)
  5 ogres
  3 centaurs
  7 bullfrogs
  Blork the orc (D:4)
  A wyvern zombie (D:6)
  A water moccasin skeleton (D:4)
  A scorpion (D:9)
  6 killer bees (D:8)
  12 wights
  An electric eel (D:8)
  A howler monkey (D:6)
  3 crimson imps
  A centaur zombie (D:7)
  A bullfrog zombie (D:5)
  5 hounds
  A quasit (D:8)
  3 orc priests
  A jelly (D:7)
  11 orc wizards
  A centaur skeleton (D:7)
  2 iguanas
  Jessica (D:2)
  5 worker ants
  Ijyb (D:4)
  7 hell rats (Lair:2)
  A hound skeleton (D:9)
  A howler monkey zombie (D:9)
  9 gnolls
  A howler monkey skeleton (D:6)
  10 adders
  A shadow imp (D:8)
  An ooze (D:2)
  3 adder zombies
  5 worms
  2 dart slugs
  2 leopard geckos (D:3)
  38 orcs
  A giant cockroach (D:2)
  9 hobgoblins
  8 jackals
  2 quokkas
  2 ball pythons (D:1)
  3 bats (D:1)
  A frilled lizard (D:4)
  3 goblins
  10 kobolds
  2 rats
250 creatures vanquished.

Vanquished Creatures (others)
  15 fulminant prisms
  2 fungi (Lair:1)
  3 plants (Lair:1)
20 creatures vanquished.

Grand Total: 270 creatures vanquished

Notes
Turn   | Place    | Note
-------+----------+-------------------------------------------
     0 | D:1      | Artagas the Djinni Conjurer began the quest for the Orb.
     0 | D:1      | Reached XP level 1. HP: 14/14 MP: 4/4
   447 | D:1      | Reached XP level 2. HP: 15/20 MP: 0/6
   552 | D:1      | Reached skill level 5 in Conjurations
   560 | D:1      | Learned a level 2 spell: Searing Ray
  1368 | D:2      | Noticed Jessica
  1380 | D:2      | Killed Jessica
  1380 | D:2      | Reached XP level 3. HP: 18/26 MP: 1/7
  1482 | D:2      | Identified Jessica's Reference Book on Darkness
  1524 | D:2      | Learned a level 3 spell: Iskenderun's Mystic Blast
  1524 | D:2      | Reached skill level 6 in Conjurations
  1609 | D:2      | Gained mutation: Your spells are harder to cast, but more
                  | powerful. [Djinni growth]
  1609 | D:2      | Gained mutation: You can translocate small distances at
                  | will. [Djinni growth]
  1609 | D:2      | Reached XP level 4. HP: 32/33 MP: 4/8
  1652 | D:2      | Found a shimmering blue altar of Sif Muna.
  1767 | D:2      | Found a hide-covered altar of Uskayaw.
  1909 | D:2      | Found a glowing silver altar of Zin.
  2112 | D:2      | Found a basalt altar of Yredelemnul.
  2112 | D:2      | Found a glowing golden altar of the Shining One.
  2112 | D:2      | Found an opulent altar of Gozag.
  2252 | D:2      | Found a burning altar of Makhleb.
  2252 | D:2      | Found an iron altar of Okawaru.
  2286 | D:3      | Found a faded altar of an unknown god.
  2564 | D:3      | Reached XP level 5. HP: 39/39 MP: 1/9
  3153 | D:3      | Reached skill level 1 in Fighting
  3350 | D:3      | Reached skill level 7 in Conjurations
  3720 | D:3      | Reached skill level 2 in Fighting
  3720 | D:3      | Reached skill level 4 in Spellcasting
  3940 | D:3      | Learned a level 4 spell: Fulminant Prism
  4059 | D:4      | Found a staircase to the Ecumenical Temple.
  4070 | Temple   | Entered the Ecumenical Temple
  4141 | Temple   | Became a worshipper of Qazlal Stormbringer
  4191 | Temple   | Reached XP level 6. HP: 43/48 MP: 1/12
  4482 | D:4      | Noticed a slave
  4496 | D:4      | Killed a slave
  4712 | D:4      | Reached skill level 1 in Hexes
  4835 | D:4      | Found a snail-covered altar of Cheibriados.
  4898 | D:4      | Noticed Menkaure
  4989 | D:4      | Noticed Blork the orc
  5091 | D:4      | Killed Blork the orc
  5091 | D:4      | Reached skill level 3 in Fighting
  5096 | D:4      | Reached skill level 5 in Spellcasting
  5096 | D:4      | Reached XP level 7. HP: 57/57 MP: 2/14
  5163 | D:4      | Killed Menkaure
  5163 | D:4      | Reached skill level 2 in Hexes
  5254 | D:4      | Reached skill level 4 in Fighting
  5254 | D:4      | Reached skill level 8 in Conjurations
  5309 | D:4      | Noticed Ijyb
  5317 | D:4      | Killed Ijyb
  5642 | D:4      | Found Ehaotesch's Gadget Boutique.
  5785 | D:4      | Noticed Pikel
  5793 | D:4      | Killed Pikel
  5793 | D:4      | Reached skill level 5 in Fighting
  5793 | D:4      | Reached skill level 3 in Dodging
  5793 | D:4      | Reached skill level 3 in Hexes
  5793 | D:4      | Gained mutation: Your spells are much harder to cast, but
                  | much more powerful. [Djinni growth]
  5793 | D:4      | Reached XP level 8. HP: 64/68 MP: 3/15
  5932 | D:4      | Got a faintly glowing ring mail
  5957 | D:4      | Reached * piety under Qazlal
  6241 | D:4      | Found a hazy altar of Hepliaklqana.
  6382 | D:5      | Entered Level 5 of the Dungeon
  6504 | D:5      | Found a white marble altar of Elyvilon.
  6527 | D:5      | Reached skill level 4 in Dodging
  6527 | D:5      | Reached skill level 9 in Conjurations
  6733 | D:5      | Found a bloodstained altar of Trog.
  6973 | D:5      | Learned a level 5 spell: Irradiate
  7276 | D:5      | Found a runed translucent door.
  7277 | D:5      | Noticed Oskept's ghost (novice VSFE)
  7356 | D:6      | Reached skill level 1 in Transmutations
  7356 | D:6      | Reached skill level 1 in Evocations
  7382 | D:6      | Reached skill level 1 in Shields
  7650 | D:6      | Reached skill level 2 in Evocations
  7650 | D:6      | Reached XP level 9. HP: 74/74 MP: 12/17
  7879 | D:6      | Reached skill level 5 in Dodging
  7991 | D:6      | Reached skill level 2 in Transmutations
  8158 | D:6      | Reached skill level 2 in Shields
  8158 | D:6      | Reached skill level 6 in Spellcasting
  8232 | D:6      | Reached skill level 3 in Evocations
  8494 | D:6      | Found a blossoming altar of Fedhas.
  8689 | D:6      | Identified the cursed +1 ring mail of Huzuvve {rPois rC+
                  | Str+3 Dex+4} (You found it on level 4 of the Dungeon)
  8798 | D:7      | Reached skill level 3 in Transmutations
  9171 | D:7      | Reached skill level 4 in Evocations
  9235 | D:7      | Reached skill level 3 in Shields
  9397 | D:7      | Reached skill level 7 in Spellcasting
  9400 | D:7      | Reached skill level 4 in Transmutations
  9428 | D:7      | Reached ** piety under Qazlal
  9428 | D:7      | Reached skill level 10 in Conjurations
  9833 | D:7      | Reached XP level 10. HP: 62/80 MP: 14/21
 10058 | D:7      | Reached skill level 5 in Evocations
 10311 | D:7      | Found a sacrificial altar of Ru.
 10924 | D:8      | Reached skill level 4 in Shields
 10933 | D:8      | Noticed Harold
 11408 | D:8      | Noticed a two-headed ogre
 11419 | D:8      | Reached skill level 8 in Spellcasting
 11419 | D:8      | Reached skill level 5 in Transmutations
 11422 | D:8      | Killed a two-headed ogre
 11422 | D:8      | Reached skill level 11 in Conjurations
 11886 | D:8      | Reached skill level 1 in Invocations
 12180 | D:8      | Killed Harold
 12180 | D:8      | Reached skill level 2 in Invocations
 12968 | D:8      | Found Minow's Antique Armour Shoppe.
 12973 | D:8      | Bought a helmet for 139 gold pieces
 13232 | D:9      | Found a staircase to the Lair.
 13250 | D:9      | Reached *** piety under Qazlal
 13388 | D:9      | Reached XP level 11. HP: 80/89 MP: 12/23
 13398 | D:9      | Noticed Grum
 13406 | D:9      | Killed Grum
 13407 | D:9      | Reached skill level 6 in Fighting
 13869 | D:9      | Reached skill level 6 in Dodging
 13869 | D:9      | Reached skill level 9 in Spellcasting
 13869 | D:9      | Reached skill level 6 in Transmutations
 13869 | D:9      | Reached skill level 3 in Invocations
 13949 | D:9      | Found a staircase to the Orcish Mines.
 14521 | Lair:1   | Entered Level 1 of the Lair of Beasts
 14526 | Lair:1   | Learned a level 3 spell: Confuse
 14588 | Lair:1   | Noticed Nergalle
 14599 | Lair:1   | Killed Nergalle
 15092 | Lair:1   | Reached skill level 4 in Invocations
 16254 | Lair:2   | Noticed a seven-headed hydra
 16287 | Lair:2   | Reached skill level 7 in Fighting
 16544 | Lair:2   | Noticed Gastronok
 16570 | Lair:2   | HP: 9/92 [porcupine (15)]
 16571 | Lair:2   | Demolished by Gastronok

Skill      XL: |  1  2  3  4  5  6  7  8  9 10 11 |
---------------+----------------------------------+-----
Conjurations   | 5 6 7 8 9 10 11 | 11.9
Fighting       | 2 3 5 7 |  7.0
Spellcasting   | 4 5 7 8 9 |  9.8
Hexes          | 1 3 |  3.6
Dodging        | 3 4 5 6 |  6.8
Transmutations | 1 4 5 6 |  6.9
Evocations     | 2 4 5 |  5.0
Shields        | 1 3 4 |  4.0
Invocations    | 2 4 |  4.6
Stealth        | |  1.5

Action                   |  1- 3 |  4- 6 |  7- 9 | 10-12 || total
-------------------------+-------+-------+-------+-------++-------
Melee: Mace              |    10 |    15 |       |       ||    25
       Dagger            |       |       |     3 |     2 ||     5
       Hunting sling     |       |       |     1 |       ||     1
 Fire: Hunting sling     |       |       |    43 |    30 ||    73
 Cast: Magic Dart        |    40 |    74 |    27 |     6 ||   147
       Searing Ray       |     2 |    13 |    33 |    46 ||    94
       Iskenderun's Myst |       |    11 |    41 |    33 ||    85
       Fulminant Prism   |       |       |     7 |     9 ||    16
       Irradiate         |       |       |       |     2 ||     2
Evoke: Lightning rod     |       |       |       |     4 ||     4
       Wand              |       |       |       |     1 ||     1
  Use: Scroll            |     4 |     3 |     1 |    10 ||    18
       Potion            |       |       |       |     1 ||     1
 Stab: Sleeping          |     1 |       |       |       ||     1
  Eat: Chunk             |     2 |     8 |    12 |    14 ||    36
       Ration            |       |     1 |     2 |     2 ||     5
Armor: Robe              |     5 |    18 |    14 |    16 ||    53
Dodge: Dodged            |     7 |    34 |    35 |    68 ||   144
Block: Buckler           |       |       |    23 |    71 ||    94
       Other             |       |       |     1 |       ||     1

Levels and vault maps discovered:
D:1:      minmay_arrival_doors, layout_basic
D:2:      layout_basic, eat_drink_and_be_merry_uskayaw, led_sif_pool,
          gammafunk_temple_overflow_claw, zin_statuary, minitemple,
          first_ration, kennysheep_jessica_study
D:3:      layout_loops_cross, chequers_ecumenical_altar_simple_redux,
          minmay_circle_x
D:4:      layout_cave_pods, kennysheep_slug_shrine, kennysheep_mini,
          minmay_temple_entry_trees, serial_shops, nicolae_shop_statue_plus,
          chequers_garden, uniq_blork_the_orc, uniq_pikel, uniq_menkaure,
          uniq_ijyb
D:5:      layout_gridville, kennysheep_mini_moat, ebering_ghost_reflecting_pool,
          elyvilon_altar_5
D:6:      layout_loops_cross, fedhas_ov_isle_minmay
D:7:      layout_loops_ring, lemuel_coloured_pillars_altar, serial_undead,
          serial_undead_f, serial_undead_b, serial_undead_e, serial_undead_a,
          serial_undead_c, serial_undead_c
D:8:      layout_basic, serial_shops, nicolae_shop_waterfront, uniq_harold
D:9:      lemuel_flame_loot_2, layout_loops_ring, dpeg_oklobed_lair, uniq_grum
Temple:   minmay_temple_curvy_loop
Lair:1:   layout_loops_ring, uniq_nergalle
Lair:2:   layout_loops_ring, hangedman_lair_generics_rect, uniq_gastronok

Table legend:
 A = Turns spent in this place as a percentage of turns spent in the entire game.
 B = Non-inter-level travel turns spent in this place as a percentage of non-inter-level travel turns spent in the entire game.
 C = Inter-level travel turns spent in this place as a percentage of turns spent in this place.
 D = Turns resting spent in this place as a percentage of non-inter-level travel turns spent in this place.
 E = Turns spent auto-exploring this place as a percentage of non-inter-level travel turns spent in this place.
 F = Non-inter-level travel turns spent in this place divided by the number of levels of this place that you've seen.
                   A       B       C       D       E      F
               +-------+-------+-------+-------+-------+----------------------
         Total | 100.0 | 100.0 |   3.4 |  30.4 |  58.0 | 1334.5
       Dungeon |  86.5 |  86.5 |   3.3 |  29.2 |  59.0 | 1539.9
        Temple |   1.2 |   1.0 |  14.1 |  50.6 |  34.1 | 164.0
          Lair |  12.4 |  12.4 |   2.9 |  37.0 |  53.2 | 995.5
               +-------+-------+-------+-------+-------+----------------------

Table legend:
 A = Kills in this place as a percentage of kills in entire the game.
 B = Kills by you in this place as a percentage of kills by you in the entire game.
 C = Kills by friends in this place as a percentage of kills by friends in the entire game.
 D = Other kills in this place as a percentage of other kills in the entire game.
 E = Experience gained in this place as a percentage of experience gained in the entire game.
 F = Experience gained in this place divided by the number of levels of this place that you have seen.
                   A       B       C       D       E      F
               +-------+-------+-------+-------+-------+----------------------
         Total | 100.0 | 100.0 |   N/A |   N/A | 100.0 | 1523.7
       Dungeon |  87.9 |  87.9 |   N/A |   N/A |  67.7 | 1374.8
        Temple |   0.4 |   0.4 |   N/A |   N/A |   0.1 |  15.0
          Lair |  11.7 |  11.7 |   N/A |   N/A |  32.2 | 2948.0
               +-------+-------+-------+-------+-------+----------------------
